 Dungeon Crawl Stone Soup version 0.24-a0-258-gb86c0f735e (webtiles) character file.

Game seed: 1355982838661818484

174 Flugkiller the Chopper (level 5, -2/42 HPs)
             Began as a Demonspawn Chaos Knight on Apr 19, 2019.
             Was a Plaything of Xom.
             Shot with an arrow by a centaur (13 damage)
             ... on level 4 of the Dungeon.
             The game lasted 00:03:55 (3096 turns).

Flugkiller the Chopper (Demonspawn Chaos Knight)    Turns: 3096, Time: 00:03:59

Health: -2/42      AC:  7    Str: 13    XL:     5   Next: 28%
Magic:  5/5        EV: 15    Int: 13    God:    Xom [.*....]
Gold:   173        SH:  0    Dex: 13    Spells: 4/4 levels left

rFire    . . .     SeeInvis .   a - +0 hand axe (chaos)
rCold    . . .     Gourm    .   (no shield)
rNeg     . . .     Faith    .   b - +2 leather armour
rPois    .         Spirit   .   r - +0 helmet
rElec    .         Reflect  .   (no cloak)
rCorr    .         Harm     .   (no gloves)
MR       .....                  f - +0 pair of boots
Stlth    +.........             (no amulet)
HPRegen  0.14/turn              q - +4 ring of evasion
MPRegen  0.09/turn              (no ring)

@: no status effects
A: talons 1, demonic guardian 1
a: Renounce Religion


You were on level 4 of the Dungeon.
You worshipped Xom.
You were a plaything of Xom.
You were not hungry.

You visited 1 branch of the dungeon, and saw 4 of its levels.

You collected 173 gold pieces.

Inventory:

Hand Weapons
 a - a +0 hand axe of chaos (weapon)
Armour
 b - a +2 leather armour (worn)
 f - a +0 pair of boots (worn)
   (You found it on level 1 of the Dungeon)
 r - a +0 helmet (worn)
   (You found it on level 3 of the Dungeon)
Jewellery
 q - a +4 ring of evasion (left hand)
   (You found it on level 3 of the Dungeon)
 t - an uncursed amulet of rage {unknown}
   (You found it on level 4 of the Dungeon)
Scrolls
 d - a scroll of blinking
 e - a scroll of remove curse
 p - a scroll of magic mapping {unknown}
Potions
 g - a potion of haste {unknown}
 h - 2 potions of resistance
 i - a potion of might {unknown}
 k - a potion of agility
 l - a potion of cancellation
 m - a potion of curing {unknown}
 n - a potion of heal wounds
 o - a potion of magic
Comestibles
 c - 7 rations
 s - a chunk of flesh


   Skills:
 + Level 4.1 Fighting
 * Level 4.8 Axes
 - Level 1.7 Armour
 - Level 0.8 Dodging


You had 4 spell levels left.
You didn't know any spells.
Your spell library was empty.

Dungeon Overview and Level Annotations

Branches:
Dungeon (4/15)
 Temple: D:4-7

Altars:
Cheibriados
Fedhas
Kikubaaqudgha
Xom

Annotations:
D:2 exclusion: downstairs
D:3 Grinder
D:4 2 transporters


Innate Abilities, Weirdness & Mutations

You have sharp toenails.
A weak demonic guardian rushes to your aid.


Message History

The centaur shouts!
The centaur hits the bush but does no damage.
A centaur is nearby!
A centaur is nearby! "Let's go for a ride!"
Your surroundings suddenly seem different.
Found 3 gold pieces.
Found a mace.
You now have 125 gold pieces (gained 3).
Found 14 gold pieces.
t - a dented garnet amulet You now have 139 gold pieces (gained 14).
Found 17 gold pieces.
You now have 156 gold pieces (gained 17).
Found a stone staircase leading up.
You see here a robe.
Found 17 gold pieces.
You now have 173 gold pieces (gained 17).
The centaur shouts!
The centaur wields a +2 shortbow of flaming.
It bursts into flame!
The centaur shoots an arrow.
The arrow misses your quasit. The arrow hits you! The arrow burns you.
* * * LOW HITPOINT WARNING * * *
You see here an arrow.
The centaur shoots an arrow.
The arrow hits you.
* * * LOW HITPOINT WARNING * * *
The arrow burns you.
* * * LOW HITPOINT WARNING * * *
The centaur shoots an arrow.
The arrow misses your quasit. The arrow hits you!
* * * LOW HITPOINT WARNING * * *
The arrow burns you.
* * * LOW HITPOINT WARNING * * *
You see here 2 arrows.
Unknown command.
Okay, then.
As you read the scroll labeled OZICIU YP UNOGOMO, it crumbles to dust.
It is a scroll of identify.
l - a potion of cancellation
As you read the scroll of identify, it crumbles to dust.
k - a potion of agility Unknown command.
As you read the scroll of identify, it crumbles to dust.
n - a potion of heal wounds Your quasit bites the centaur but does no damage.
Your quasit closely misses the centaur.
Your quasit claws the centaur but does no damage.
The centaur shoots an arrow.
The arrow closely misses your quasit. The arrow hits you!
You die...
Xom bursts into laughter!

#..........#######...............
#.....###.....######...#.........
#.............#..................
#.....##.........####............
#..............#...#...#.........
#......##.....[..#...............
#......##.....##....#.##.........
###....#####.###....#.##.........
###.####.....# #@..<.............
#........#######5......##........
#.#.######.....c.(............##.
..#.# #c###############....##.
....# ##.#8P#≈;≈≈≈≈≈#P8#....#..
..### ##..#..#.......#..#.......
#.# #..©#©)+$..♣...+/©#©......
..# ###...#..#.......#..#.......
.## #.....#8P#≈;≈;≈≈≈#P8#.......


You could see a centaur, an electric eel and a friendly quasit.

Vanquished Creatures
  A hound (D:4)
  A hound skeleton (D:4)
  3 adders
  A worm (D:2)
  A dart slug (D:1)
  2 leopard geckos
  6 orcs (D:3)
  3 ball pythons
  12 giant cockroaches
  A goblin (D:1)
  8 hobgoblins
  6 kobolds
  9 bats
  4 frilled lizards
  6 rats
64 creatures vanquished.

Vanquished Creatures (collateral kills)
  An orc wizard (D:3)
  An adder (D:3)
  3 orcs (D:3)
5 creatures vanquished.

Grand Total: 69 creatures vanquished

Notes
Turn   | Place    | Note
-------+----------+-------------------------------------------
     0 | D:1      | Flugkiller the Demonspawn Chaos Knight began the quest for
                  | the Orb.
     0 | D:1      | Reached XP level 1. HP: 18/18 MP: 1/1
   115 | D:1      | XOM: harmless Fire miscast
   122 | D:1      | XOM: harmless Pois miscast
   169 | D:1      | Gained mutation: A weak demonic guardian rushes to your
                  | aid. [demonic ancestry]
   169 | D:1      | Reached XP level 2. HP: 18/24 MP: 2/2
   409 | D:1      | XOM: harmless Chrm miscast
   410 | D:1      | XOM: silly message
   461 | D:1      | XOM: harmless Tloc miscast
   588 | D:2      | Found a faded altar of an unknown god.
   840 | D:2      | Reached XP level 3. HP: 29/29 MP: 3/3
  1272 | D:3      | XOM: noise
  1272 | D:3      | Noticed Grinder
  1450 | D:3      | XOM: divination: detect items
  1455 | D:3      | Gained mutation: You have sharp toenails. [demonic
                  | ancestry]
  1455 | D:3      | Reached XP level 4. HP: 12/37 MP: 4/4
  1853 | D:3      | XOM: silly message
  1864 | D:3      | XOM: harmless Necr miscast
  2083 | D:3      | XOM: mild Erth miscast
  2111 | D:3      | XOM: scenery: create altars
  2128 | D:3      | XOM: mild Ice miscast
  2158 | D:3      | XOM: mild Conj miscast
  2166 | D:3      | XOM: summons friendly white imp
  2467 | D:3      | Paralysed by Grinder for 7 turns
  2473 | D:3      | XOM: divination: detect items
  2732 | D:3      | Reached XP level 5. HP: 42/42 MP: 5/5
  2788 | D:3      | Found a snail-covered altar of Cheibriados.
  2788 | D:3      | Found an ancient bone altar of Kikubaaqudgha.
  2925 | D:4      | Found a transporter.
  2976 | D:4      | Found a transporter.
  2993 | D:4      | Found a blossoming altar of Fedhas.
  2996 | D:4      | Noticed a centaur
  2997 | D:4      | XOM: 1-stop teleportation journey
  3096 | D:4      | Shot with an arrow by a centaur

Levels and vault maps discovered:
D:1:      lightli_arrival_lavapool, layout_rooms
D:2:      minmay_roachtagon, layout_loops_ring, first_ration,
          chequers_ecumenical_altar_simple, chequers_serial_rivers_small_b
D:3:      layout_loops_corners, gammafunk_temple_overflow_wave, uniq_grinder
D:4:      gammafunk_steamed_eel, layout_rooms, fedhas_bush_and_centaur_altar

Skill      XL: |  1  2  3  4 |
---------------+-------------+-----
Axes           | 3 4 |  4.8
Fighting       | 4 |  4.1
Armour         | |  1.7
Dodging        | |  0.8

Action                   |  1- 3 |  4- 6 || total
-------------------------+-------+-------++-------
Melee: Hand axe          |   100 |    65 ||   165
  Use: Scroll            |       |     6 ||     6
       Potion            |       |     2 ||     2
 Stab: Sleeping          |     1 |       ||     1
       Paralysed         |       |     1 ||     1
  Eat: Chunk             |     2 |     3 ||     5
       Ration            |       |     1 ||     1
Armor: Leather armour    |    52 |    14 ||    66
Dodge: Dodged            |    57 |    41 ||    98

Table legend:
 A = Non-vault XP
 B = Vault XP
 C = Vault XP percentage of total XP
 D = Non-vault monster count
 E = Vault monster count
 F = Vault count percentage of total count
                 A         B        C        D         E       F
            +---------+---------+-------+---------+---------+-------
      Total |     227 |      22 |   8.8 |      58 |      11 |  15.9
            +---------+---------+-------+---------+---------+-------
        D:1 |      25 |       0 |   0.0 |      14 |       0 |   0.0
        D:2 |      36 |      22 |  37.9 |      14 |      11 |  44.0
        D:3 |     113 |       0 |   0.0 |      28 |       0 |   0.0
        D:4 |      53 |       0 |   0.0 |       2 |       0 |   0.0
            +---------+---------+-------+---------+---------+-------
